HSSL
MADAWASKA VALLEY HS WOLVES @ OCEANSIDE HS PIRATES
04/16/2024
 
TOP OF THE 1ST
Madawaska Valley HS Wolves batting - Pitching for Oceanside HS Pirates : RHP Cliff Wolfe
Pitching: RHP Cliff Wolfe
Batting: LHB Wayne Rogers 0-0: SINGLE (Line Drive, 3D)
Batting: RHB Hubert MacDonald 0-0: Ball
Wayne Rogers is caught stealing 2nd base
1-0: Foul Ball, location: 2F
1-1: Called Strike
1-2: Ball
2-2: Ball
3-2: Strikes out swinging
Batting: RHB Jim Turner 0-0: Ball
1-0: Called Strike
1-1: Ball
2-1: Foul Ball, location: 2F
2-2: Foul Ball, location: 2F
2-2: Ball
3-2: Strikes out swinging
Top of the 1st over - 0 run(s), 1 hit(s), 0 error(s), 0 left on base; Madawaska Valley HS 0 - Oceanside HS 0
BOTTOM OF THE 1ST
Oceanside HS Pirates batting - Pitching for Madawaska Valley HS Wolves : RHP Aaron Moss
Pitching: RHP Aaron Moss
Batting: RHB Stan Taylor 0-0: Ground out 1-3 (Groundball, 15)
Batting: SHB Ryan Holcomb 0-0: Ball
1-0: Swinging Strike
1-1: SOLO HOME RUN (Flyball, 89XD), Distance : 428 ft
Batting: LHB Chris Goodwin 0-0: Foul Ball, location: 2F
0-1: Foul Ball, location: 2F
0-2: Ball
1-2: Ground out 4-3 (Groundball, 4)
Batting: LHB Jon Quinn 0-0: SINGLE (Groundball, 4MD)
Batting: RHB Jeffery Evans 0-0: Ball
1-0: 2-RUN HOME RUN (Flyball, 89XD), Distance : 432 ft
Batting: LHB Michael Hanson 0-0: Foul Ball, location: 2F
0-1: Swinging Strike
0-2: Foul Ball, location: 2F
0-2: Hit by Pitch
Batting: RHB Juan Reyes 0-0: Ball
1-0: Ball
2-0: Called Strike
2-1: Fielders Choice at 2nd, 6-4 (Groundball, 6)
Bottom of the 1st over - 3 run(s), 3 hit(s), 0 error(s), 0 left on base; Madawaska Valley HS 0 - Oceanside HS 3
TOP OF THE 2ND
Madawaska Valley HS Wolves batting - Pitching for Oceanside HS Pirates : RHP Cliff Wolfe
Batting: LHB John Clark 0-0: SINGLE (Groundball, 34)
Batting: RHB Aaron Duncan 0-0: Called Strike
0-1: Called Strike
0-2: Foul Ball, location: 2F
0-2: Ball
1-2: Foul Ball, location: 2F
1-2: Ball
2-2: Fly out, F3 (Popup, 3F)
Batting: LHB Ronald Wallace 0-0: Foul Ball, location: 2F
0-1: Grounds into double play, 4-6-3 (Groundball, 4)
Top of the 2nd over - 0 run(s), 1 hit(s), 0 error(s), 0 left on base; Madawaska Valley HS 0 - Oceanside HS 3
BOTTOM OF THE 2ND
Oceanside HS Pirates batting - Pitching for Madawaska Valley HS Wolves : RHP Aaron Moss
Batting: RHB Joe Rogers 0-0: Ball
1-0: Swinging Strike
1-1: Foul Ball, location: 2F
1-2: Fly out, F8 (Flyball, 8LM)
Batting: LHB Greg Sharpe 0-0: Called Strike
0-1: Called Strike
0-2: Ball
1-2: Fly out, F4 (Popup, 9S)
Batting: RHB Stan Taylor 0-0: Ball
1-0: Called Strike
1-1: Called Strike
1-2: Ball
2-2: Foul Ball, location: 2F
2-2: Ground out 1-3 (Groundball, 15S)
Bottom of the 2nd over - 0 run(s), 0 hit(s), 0 error(s), 0 left on base; Madawaska Valley HS 0 - Oceanside HS 3
TOP OF THE 3RD
Madawaska Valley HS Wolves batting - Pitching for Oceanside HS Pirates : RHP Cliff Wolfe
Batting: SHB Russ Beasley 0-0: Ground out 6-3 (Groundball, 6M)
Batting: LHB Marv Gardner 0-0: Swinging Strike
0-1: Fly out, F9 (Flyball, 9LM)
Batting: SHB Wilson Bray 0-0: Ground out U3 (Groundball, 3S)
Top of the 3rd over - 0 run(s), 0 hit(s), 0 error(s), 0 left on base; Madawaska Valley HS 0 - Oceanside HS 3
BOTTOM OF THE 3RD
Oceanside HS Pirates batting - Pitching for Madawaska Valley HS Wolves : RHP Aaron Moss
Batting: SHB Ryan Holcomb 0-0: Ball
1-0: Called Strike
1-1: Ball
2-1: Foul Ball, location: 2F
2-2: SINGLE (Line Drive, 7S)
Batting: LHB Chris Goodwin 0-0: Ball
1-0: Foul Ball, location: 2F
1-1: Foul Ball, location: 2F
1-2: Fly out, F8 (Flyball, 8RM)
Batting: LHB Jon Quinn 0-0: Ball
1-0: Called Strike
Ryan Holcomb steals 2nd base
1-1: Called Strike
1-2: Ball
2-2: Strikes out swinging
Batting: RHB Jeffery Evans 0-0: Swinging Strike
0-1: Foul Ball, location: 2F
0-2: Strikes out swinging
Bottom of the 3rd over - 0 run(s), 1 hit(s), 0 error(s), 1 left on base; Madawaska Valley HS 0 - Oceanside HS 3
TOP OF THE 4TH
Madawaska Valley HS Wolves batting - Pitching for Oceanside HS Pirates : RHP Cliff Wolfe
Batting: LHB Wayne Rogers 0-0: DOUBLE (Flyball, 78M)
Batting: RHB Hubert MacDonald 0-0: Called Strike
0-1: SINGLE (Groundball, 6MD)
Wayne Rogers to third
Runner from 3rd tries for Home, SAFE, no throw or cutoff
Batting: RHB Jim Turner 0-0: SINGLE (Line Drive, 8RS)
Hubert MacDonald to second
Batting: LHB John Clark 0-0: Ball
1-0: Called Strike
1-1: Ball
2-1: Foul Ball, location: 2F
2-2: Strikes out swinging
Batting: RHB Aaron Duncan 0-0: Ball
1-0: Foul Ball, location: 2F
1-1: Ball
2-1: Called Strike
2-2: Foul Ball, location: 2F
2-2: Ground out 2-3 (Groundball, 23)
Hubert MacDonald to third
Jim Turner to second
Batting: LHB Ronald Wallace 0-0: Foul Ball, location: 2F
0-1: Called Strike
0-2: Ball
1-2: Foul Ball, location: 2F
1-2: Strikes out swinging
Top of the 4th over - 1 run(s), 3 hit(s), 0 error(s), 2 left on base; Madawaska Valley HS 1 - Oceanside HS 3
BOTTOM OF THE 4TH
Oceanside HS Pirates batting - Pitching for Madawaska Valley HS Wolves : RHP Aaron Moss
Batting: LHB Michael Hanson 0-0: Called Strike
0-1: Called Strike
0-2: Ball
1-2: Ball
2-2: Ball
3-2: SINGLE (Groundball, 34) (infield hit)
Batting: RHB Juan Reyes 0-0: Swinging Strike
0-1: Ball
1-1: Foul Ball, location: 2F
1-2: Strikes out looking
Batting: RHB Joe Rogers 0-0: Called Strike
Michael Hanson steals 2nd base
0-1: Foul Ball, location: 2F
0-2: Ball
1-2: Fly out, F3 (Popup, 3L)
Batting: LHB Greg Sharpe 0-0: Ball
1-0: Called Strike
1-1: Ball
2-1: SINGLE (Groundball, 15) (infield hit)
Michael Hanson to third
Batting: RHB Stan Taylor 0-0: Called Strike
0-1: SINGLE (Groundball, 34S)
Michael Hanson scores
Greg Sharpe to second
Runner from 2nd tries for 3rd, SAFE, no throw or cutoff
Batting: SHB Ryan Holcomb 0-0: Ball
1-0: SINGLE (Groundball, 25) (infield hit)
Greg Sharpe scores
Stan Taylor to second
Batting: LHB Chris Goodwin 0-0: Fly out, F4 (Popup, 4D)
Bottom of the 4th over - 2 run(s), 4 hit(s), 0 error(s), 2 left on base; Madawaska Valley HS 1 - Oceanside HS 5
TOP OF THE 5TH
Madawaska Valley HS Wolves batting - Pitching for Oceanside HS Pirates : RHP Cliff Wolfe
Batting: SHB Russ Beasley 0-0: Ground out U3 (Groundball, 3)
Batting: LHB Marv Gardner 0-0: Called Strike
0-1: SINGLE (Groundball, 13) (infield hit)
Batting: SHB Wilson Bray 0-0: Ball
1-0: Ball
2-0: Foul Ball, location: 2F
2-1: Called Strike
2-2: Fly out, F8 (Flyball, 8RM)
Batting: LHB Wayne Rogers 0-0: Fly out, F7 (Flyball, 78M)
Top of the 5th over - 0 run(s), 1 hit(s), 0 error(s), 1 left on base; Madawaska Valley HS 1 - Oceanside HS 5
BOTTOM OF THE 5TH
Oceanside HS Pirates batting - Pitching for Madawaska Valley HS Wolves : RHP Aaron Moss
Batting: LHB Jon Quinn 0-0: Ball
1-0: Called Strike
1-1: Swinging Strike
1-2: Foul Ball, location: 2F
1-2: Ball
2-2: Foul Ball, location: 2F
2-2: Foul Ball, location: 2F
2-2: Foul Ball, location: 2F
2-2: Strikes out looking
Pitching: RHP Bob Dickerson
Batting: RHB Jeffery Evans 0-0: Foul Ball, location: 2F
0-1: Foul Ball, location: 2F
0-2: Foul Ball, location: 2F
0-2: Ball
1-2: Foul Ball, location: 2F
1-2: Ball
2-2: Ball
3-2: Base on Balls
Batting: LHB Michael Hanson 0-0: Called Strike
0-1: Ball
1-1: Foul Ball, location: 2F
1-2: Foul Ball, location: 2F
1-2: Ball
2-2: Fly out, F9 (Flyball, 9LSF)
Batting: RHB Juan Reyes 0-0: Ball
1-0: Called Strike
1-1: Fly out, F9 (Flyball, 89M)
Bottom of the 5th over - 0 run(s), 0 hit(s), 0 error(s), 1 left on base; Madawaska Valley HS 1 - Oceanside HS 5
TOP OF THE 6TH
Madawaska Valley HS Wolves batting - Pitching for Oceanside HS Pirates : RHP Cliff Wolfe
Batting: RHB Hubert MacDonald 0-0: Ball
1-0: Foul Ball, location: 2F
1-1: Swinging Strike
1-2: Strikes out looking
Batting: RHB Jim Turner 0-0: Ball
1-0: SINGLE (Groundball, 4MD)
Batting: LHB John Clark 0-0: Swinging Strike
0-1: Ball
1-1: Foul Ball, location: 2F
1-2: Grounds into double play, 4-6-3 (Groundball, 4)
Top of the 6th over - 0 run(s), 1 hit(s), 0 error(s), 0 left on base; Madawaska Valley HS 1 - Oceanside HS 5
BOTTOM OF THE 6TH
Oceanside HS Pirates batting - Pitching for Madawaska Valley HS Wolves : RHP Bob Dickerson
Batting: RHB Joe Rogers 0-0: Ground out 6-3 (Groundball, 6MS)
Batting: LHB Greg Sharpe 0-0: Ground out 6-3 (Groundball, 6)
Batting: RHB Stan Taylor 0-0: Ground out 5-3 (Groundball, 5S)
Bottom of the 6th over - 0 run(s), 0 hit(s), 0 error(s), 0 left on base; Madawaska Valley HS 1 - Oceanside HS 5
TOP OF THE 7TH
Madawaska Valley HS Wolves batting - Pitching for Oceanside HS Pirates : RHP Cliff Wolfe
Batting: RHB Aaron Duncan 0-0: Called Strike
0-1: Called Strike
0-2: Ball
1-2: Ball
2-2: Ground out 6-3 (Groundball, 6M)
Batting: LHB Ronald Wallace 0-0: Ball
1-0: DOUBLE (Line Drive, 7LM)
Batting: SHB Russ Beasley 0-0: Foul Ball, location: 2F
0-1: Ball
1-1: Swinging Strike
1-2: Ball
2-2: Ball
3-2: Strikes out looking
Pitching: RHP Everett Stewart
Batting: LHB Marv Gardner 0-0: Ball
1-0: Ball
2-0: Foul Ball, location: 2F
2-1: Ball
3-1: Base on Balls
Batting: SHB Wilson Bray 0-0: Ball
1-0: Called Strike
1-1: Foul Ball, location: 2F
1-2: Ball
2-2: Strikes out looking
Top of the 7th over - 0 run(s), 1 hit(s), 0 error(s), 2 left on base; Madawaska Valley HS 1 - Oceanside HS 5
BOTTOM OF THE 7TH
Oceanside HS Pirates batting - Pitching for Madawaska Valley HS Wolves : RHP Bob Dickerson
Batting: SHB Ryan Holcomb 0-0: Called Strike
0-1: Fly out, F7 (Flyball, 7S)
Pitching: RHP Mike Campbell
Batting: LHB Chris Goodwin 0-0: Ground out 4-3 (Groundball, 34)
Batting: LHB Jon Quinn 0-0: Called Strike
0-1: Swinging Strike
0-2: Ball
1-2: Fly out, F8 (Flyball, 8RD)
Bottom of the 7th over - 0 run(s), 0 hit(s), 0 error(s), 0 left on base; Madawaska Valley HS 1 - Oceanside HS 5
TOP OF THE 8TH
Madawaska Valley HS Wolves batting - Pitching for Oceanside HS Pirates : RHP Everett Stewart
Batting: LHB Wayne Rogers 0-0: Fly out, F7 (Line Drive, 7M)
Batting: RHB Hubert MacDonald 0-0: Foul Ball, location: 2F
0-1: Ball
1-1: SINGLE (Line Drive, 78S)
Batting: RHB Jim Turner 0-0: Ball
1-0: Ball
2-0: Called Strike
2-1: Ball
3-1: SINGLE (Line Drive, 34D)
Hubert MacDonald to second
Pitching: RHP Ed Castillo
Batting: LHB John Clark 0-0: Ball
1-0: Called Strike
1-1: Ball
2-1: Foul Ball, location: 2F
2-2: Strikes out looking
Batting: RHB Aaron Duncan 0-0: Called Strike
0-1: Foul Ball, location: 2F
0-2: Foul Ball, location: 2F
0-2: Ball
1-2: Ball
2-2: Ball
3-2: Fly out, F8 (Flyball, 8RM)
Top of the 8th over - 0 run(s), 2 hit(s), 0 error(s), 2 left on base; Madawaska Valley HS 1 - Oceanside HS 5
BOTTOM OF THE 8TH
Oceanside HS Pirates batting - Pitching for Madawaska Valley HS Wolves : RHP Mike Campbell
Batting: RHB Jeffery Evans 0-0: Ball
1-0: Ball
2-0: Ball
3-0: Base on Balls
Batting: LHB Michael Hanson 0-0: Bunted foul
0-1: Ball
1-1: Bunted foul
1-2: SINGLE (Line Drive, 6MD)
Jeffery Evans to second
Batting: RHB Juan Reyes 0-0: Foul Ball, location: 2F
0-1: Ball
1-1: Foul Ball, location: 2F
1-2: Strikes out looking
Batting: RHB Joe Rogers 0-0: Ball
1-0: Ball
2-0: Ball
3-0: Base on Balls
Jeffery Evans to third
Michael Hanson to second
Batting: LHB Greg Sharpe 0-0: DOUBLE (Line Drive, 89M)
Jeffery Evans scores
Michael Hanson scores
Joe Rogers to third
Batting: RHB Stan Taylor 0-0: Called Strike
0-1: Swinging Strike
0-2: Foul Ball, location: 2F
0-2: Ball
1-2: Strikes out swinging
Batting: SHB Ryan Holcomb 0-0: Ball
1-0: Ball
2-0: Ball
3-0: Called Strike
3-1: Foul Ball, location: 2F
3-2: DOUBLE (Groundball, 3L)
Joe Rogers scores
Greg Sharpe scores
Batting: LHB Chris Goodwin 0-0: Ball
1-0: Foul Ball, location: 2F
1-1: SINGLE (Groundball, 56D)
Ryan Holcomb to third
Runner from 3rd tries for Home, SAFE, no throw or cutoff
Pitching: RHP Don Gordon
Batting: LHB Jon Quinn 0-0: Called Strike
0-1: DOUBLE (Groundball, 5L)
Chris Goodwin to third
Batting: RHB Jeffery Evans 0-0: Ball
1-0: 3-RUN HOME RUN (Line Drive, 9D), Distance : 388 ft
Batting: LHB Michael Hanson 0-0: Ball
1-0: Ball
2-0: Foul Ball, location: 2F
2-1: Fly out, F7 (Flyball, 7M)
Bottom of the 8th over - 8 run(s), 6 hit(s), 0 error(s), 0 left on base; Madawaska Valley HS 1 - Oceanside HS 13
TOP OF THE 9TH
Madawaska Valley HS Wolves batting - Pitching for Oceanside HS Pirates : RHP Ed Castillo
Now at SS: Glen Madden
Now in RF: Miguel Maldonado
Batting: LHB Ronald Wallace 0-0: Ball
1-0: Ball
2-0: Ball
3-0: Base on Balls
Batting: SHB Russ Beasley 0-0: Called Strike
0-1: Foul Ball, location: 2F
0-2: Ball
1-2: Ball
2-2: SINGLE (Line Drive, 3D)
Ronald Wallace to second
Batting: LHB Marv Gardner 0-0: Swinging Strike
0-1: Foul Ball, location: 2F
0-2: Foul Ball, location: 2F
0-2: Strikes out swinging
Batting: SHB Wilson Bray 0-0: Ball
1-0: Ball
2-0: Ball
3-0: Base on Balls
Ronald Wallace to third
Russ Beasley to second
Batting: LHB Wayne Rogers 0-0: Ball
1-0: Ball
2-0: Foul Ball, location: 2F
2-1: Swinging Strike
2-2: Foul Ball, location: 2F
2-2: Strikes out swinging
Batting: RHB Hubert MacDonald 0-0: SINGLE (Line Drive, 8LS)
Ronald Wallace scores
Russ Beasley to third
Wilson Bray to second
Runner from 3rd tries for Home, SAFE, no throw or cutoff
Batting: RHB Jim Turner 0-0: Called Strike
0-1: Hit by Pitch
Wilson Bray to third
Hubert MacDonald to second
Batting: LHB John Clark 0-0: Called Strike
0-1: Fly out, F7 (Flyball, 7LM)
Top of the 9th over - 2 run(s), 2 hit(s), 0 error(s), 3 left on base; Madawaska Valley HS 3 - Oceanside HS 13
This league is powered by Out of the Park Baseball, the baseball management simulation game for PC, Mac and Linux
Saturday, April 9th, 2016 - OOTP Baseball 16.8 Build 38